 Dungeon Crawl Stone Soup version 0.23-a0-650-ga4d50d4 (webtiles) character file.

39 Borgoz the Cutter (level 3, 0/24 HPs)
             Began as a Kobold Berserker on Jan 2, 2019.
             Was a Follower of Trog.
             Slain by a quokka (2 damage)
             ... on level 2 of the Dungeon.
             The game lasted 00:02:41 (617 turns).

Borgoz the Cutter (Kobold Berserker)                 Turns: 617, Time: 00:02:42

Health: 0/24       AC:  2    Str: 14    XL:     3   Next: 67%
Magic:  3/3        EV: 16    Int:  8    God:    Trog [*.....]
Gold:   24         SH:  0    Dex: 15    Spells: 2/2 levels left

rFire    . . .     SeeInvis .   a - +0 short sword
rCold    . . .     Gourm    .   (shield restricted)
rNeg     . . .     Faith    .   b - +0 animal skin
rPois    .         Spirit   .   (no helmet)
rElec    .         Reflect  .   (no cloak)
rCorr    .         Harm     .   (no gloves)
MR       .....                  (no boots)
Stlth    +.........             (no amulet)
HPRegen  0.08/turn              (no ring)
MPRegen  0.08/turn              (no ring)

@: lethally poisoned (0 -> -4)
A: small, carnivore
a: Berserk, Renounce Religion


You were on level 2 of the Dungeon.
You worshipped Trog.
Trog was aware of your devotion.
You were completely stuffed.

You visited 1 branch of the dungeon, and saw 2 of its levels.

You collected 24 gold pieces.

Inventory:

Hand Weapons
 a - a +0 short sword (weapon)
Armour
 b - a +0 animal skin (worn)
Scrolls
 e - a scroll of noise {unknown}
Potions
 d - a potion of brilliance {unknown}
 g - a potion of might {unknown}
 h - a potion of haste {unknown}
Comestibles
 c - a ration


   Skills:
 + Level 3.8 Fighting
 + Level 4.7 Short Blades
 + Level 1.8 Armour
 + Level 3.0 Dodging


You had 2 spell levels left.
You didn't know any spells.
Your spell library was empty.

Dungeon Overview and Level Annotations

Branches:
Dungeon (2/15)

Altars:


Innate Abilities, Weirdness & Mutations

You are small and have problems with some larger weapons.
You are carnivorous and can eat meat at any time.


Message History

You kill the bat!
Trog accepts your kill.
* * * LOW HITPOINT WARNING * * *
You feel sick.
You hear a bark!
The quokka bites you.
* * * LOW HITPOINT WARNING * * *
All of the chunks of flesh in your inventory have rotted away.
You hit the quokka.
The quokka is severely wounded.
* * * LOW HITPOINT WARNING * * *
You feel sick. The quokka closely misses you.
You miss the quokka.
The quokka is severely wounded.
The quokka misses you.
A rat comes into view.
You barely miss the quokka.
The quokka is severely wounded.
The quokka bites you.
You die...

...##..#.# .#
#.......#
..###..#..##.
#.#######
.......##.##. #.#
..###..##.##. #.#
...##..#. #.# ####
#.#.## #.# #....#
#.#
#####.#.###.#####.
........hr@........
...r....###.##.####
........# #.# #
........# #.#
#......h# #.#
......... #.#
......... #.#
.$.#...#. ##


You could see a quokka, a jackal and a rat.

Vanquished Creatures
  An adder (D:2)
  An ooze (D:2)
  A dart slug (D:2)
  A giant cockroach (D:1)
  3 goblins
  4 hobgoblins (D:1)
  2 jackals (D:1)
  2 kobolds (D:1)
  6 bats
  A frilled lizard (D:1)
22 creatures vanquished.

Notes
Turn   | Place    | Note
-------+----------+-------------------------------------------
     0 | D:1      | Borgoz the Kobold Berserker began the quest for the Orb.
     0 | D:1      | Reached XP level 1. HP: 14/14 MP: 1/1
   121 | D:1      | Reached XP level 2. HP: 18/19 MP: 2/2
   363 | D:2      | Reached XP level 3. HP: 7/24 MP: 3/3
   615 | D:2      | HP: 1/24 [poisoned by an adder]
   617 | D:2      | Slain by a quokka

Vault maps used:
D:1:      saegor_arrival_simple_a
D:2:      first_ration, solitary_fountain, minivault_27,
          kennysheep_jessica_study, uniq_robin

Skill      XL: |  1  2  3 |
---------------+----------+-----
Dodging        | 3 |  3.0
Fighting       | |  3.8
Short Blades   | |  4.7
Armour         | |  1.8

Action                   || total
-------------------------++-------
Melee: Short sword       ||   104
 Stab: Sleeping          ||     1
  Eat: Chunk             ||     8
Armor: Animal skin       ||    16
Dodge: Dodged            ||    78

Table legend:
 A = Non-vault XP
 B = Vault XP
 C = Vault XP percentage of total XP
 D = Non-vault monster count
 E = Vault monster count
 F = Vault count percentage of total count
                 A         B        C        D         E       F
            +---------+---------+-------+---------+---------+-------
      Total |      56 |       0 |   0.0 |      22 |       0 |   0.0
            +---------+---------+-------+---------+---------+-------
        D:1 |      23 |       0 |   0.0 |      14 |       0 |   0.0
        D:2 |      33 |       0 |   0.0 |       8 |       0 |   0.0
            +---------+---------+-------+---------+---------+-------
